[Event "42nd Olympiad Baku 2016 Women"]
[Site "Baku"]
[Date "2016.09.05"]
[Round "4.17"]
[White "Gomez Barrera, Javiera Belen"]
[Black "Real Pereyra, Diana Carime"]
[Result "0-1"]
[ECO "B61"]
[WhiteElo "2027"]
[BlackElo "2136"]
[Annotator ""]
[PlyCount "129"]
[EventDate "2016.??.??"]
[EventCountry "AZE"]
[SourceTitle "playchess.com"]
[Source "ChessBase"]
[WhiteTeam "Chile"]
[BlackTeam "Mexico"]
[WhiteTeamCountry "CHI"]
[BlackTeamCountry "MEX"]
[TimeControl "40/5400+30:1800+30"]

1. e4 {(00:00)} c5 {(00:00)} 2. Nf3 {(00:00)} d6 {(
00:00)} 3. d4 {(00:07)} cxd4 {(00:02)} 4. Nxd4 {(00:05)}
Nf6 {(00:04)} 5. Nc3 {(00:09)} Nc6 {(00:03)} 6. Bg5 {
(00:27)} Bd7 {(00:16)} 7. Qd2 {(00:35)} Rc8 {(00:
20)} 8. f4 {(01:05)} Ng4 {(00:25)} 9. h3 {(49:32)} Qb6 {
(06:13)} 10. O-O-O {(13:03)} Qxd4 {(13:09)} 11. Qxd4 {
(00:57)} Nxd4 {(00:03)} 12. Rxd4 {(02:32)} Ne3 {(
03:57)} 13. f5 {(00:23)} Nxf1 {(00:22)} 14. Rxf1 {(00:01)}
h6 {(03:50)} 15. Be3 {(04:46)} Bc6 {(13:50)} 16. Rd2 {
(03:23)} a6 {(08:40)} 17. Nd5 {(02:50)} Bb5 {(01:
17)} 18. Rff2 {(03:59)} Rc4 {(07:26)} 19. Rd4 {(04:58)}
Rxd4 {(01:50)} 20. Bxd4 {(00:01)} Bc6 {(00:45)} 21. c4 {
(03:16)} Rg8 {(09:39)} 22. Kd2 {(02:12)} g6 {(06:
07)} 23. f6 {(00:59)} e6 {(00:18)} 24. Nc3 {(00:13)} b5 {
(04:01)} 25. cxb5 {(02:21)} axb5 {(00:41)} 26. b4 {
(00:58)} Kd7 {(01:20)} 27. Re2 {(00:48)} h5 {(02:
37)} 28. a4 {(01:08)} Bh6+ {(00:14)} 29. Kd3 {(00:27)} Rb8
{(01:27)} 30. axb5 {(00:07)} Rxb5 {(00:17)} 31. Kc4 {
(01:52)} Rb8 {(03:57)} 32. b5 {(01:00)} Bb7 {(00:
01)} 33. Kd3 {(00:55)} e5 {(01:37)} 34. Be3 {(01:12)} Bxe3
{(06:14)} 35. Kxe3 {(00:00)} Ke6 {(00:35)} 36. Rf2 {
(00:01)} Ra8 {(02:46)} 37. Kd3 {(01:33)} Ra3 {(00:
14)} 38. Kc4 {(00:26)} Ra1 {(02:59)} 39. Rd2 {(00:00)} Re1
{(00:40)} 40. b6 Ra1 {(00:00)} 41. Kb4 {(06:00)} Bc6 {
(11:17)} 42. Kc4 {(05:40)} Rc1 {(04:52)} 43. Kb3 {(
04:34)} Ra1 {(03:11)} 44. Nd5 {(13:37)} Kd7 {(05:53)} 45.
Rb2 {(02:38)} Ra5 {(03:44)} 46. Nc3 {(01:10)} Bb7 {
(03:09)} 47. Kc2 {(00:57)} Kc6 {(01:05)} 48. Nd5 {(
00:09)} Rb5 {(01:10)} 49. Ra2 {(00:26)} Kc5 {(00:20)} 50.
Nc3 {(00:25)} Rb4 {(00:21)} 51. Na4+ {(00:59)} Kb5 {
(00:43)} 52. Nc3+ {(00:33)} Kxb6 {(00:17)} 53. Kd3 {
(00:26)} Ba6+ {(00:38)} 54. Ke3 {(00:27)} Rb3 {(00:
21)} 55. Kd2 {(00:01)} Kb7 {(00:20)} 56. Nd5 {(01:04)} Bb5
{(01:22)} 57. Rc2 {(00:30)} Bc6 {(00:34)} 58. Nc3 {
(00:15)} Rb6 {(00:40)} 59. Ra2 {(00:30)} Ra6 {(00:
12)} 60. Rb2+ {(00:03)} Kc7 {(00:07)} 61. Rc2 {(00:30)}
Kd7 {(00:02)} 62. Ke3 {(01:12)} Ke6 {(00:12)} 63. Rd2 {
(00:23)} Ra1 {(01:10)} 64. Kf2 {(00:36)} Ra3 {(01:
01)} 65. Rd3 {(01:04)} 0-1

[Event "42nd Olympiad Baku 2016 Women"]
[Site "Baku"]
[Date "2016.09.05"]
[Round "4.6"]
[White "Gong, Qianyun"]
[Black "Moncayo Romero, Evelyn"]
[Result "1-0"]
[ECO "B53"]
[WhiteElo "2262"]
[BlackElo "2046"]
[Annotator ""]
[PlyCount "93"]
[EventDate "2016.??.??"]
[EventCountry "AZE"]
[SourceTitle "playchess.com"]
[Source "ChessBase"]
[WhiteTeam "Singapore"]
[BlackTeam "Ecuador"]
[WhiteTeamCountry "SIN"]
[BlackTeamCountry "ECU"]
[TimeControl "40/5400+30:1800+30"]

1. e4 {(00:00)} c5 {(00:00)} 2. Nf3 {(00:00)} d6 {(
00:00)} 3. d4 {(00:00)} cxd4 {(00:00)} 4. Qxd4 {(00:00)}
Nf6 {(00:36)} 5. Nc3 {(03:58)} a6 {(00:41)} 6. Bg5 {
(02:10)} Nc6 {(01:29)} 7. Qd2 {(00:29)} e6 {(00:57]
} 8. Be2 {(04:30)} h6 {(01:15)} 9. Bh4 {(00:24)} Be7 {
(00:59)} 10. O-O {(00:36)} g5 {(04:07)} 11. Bg3 {(
00:13)} e5 {(00:18)} 12. Rad1 {(06:43)} Be6 {(15:26)} 13.
Qc1 {(02:46)} Qa5 {(01:11)} 14. a3 {(03:27)} b5 {(
02:33)} 15. b4 {(02:56)} Qb6 {(06:20)} 16. Nd5 {(01:07)}
Bxd5 {(06:35)} 17. exd5 {(00:06)} Nb8 {(00:06)} 18. c4 {
(22:48)} bxc4 {(00:20)} 19. Nd2 {(00:04)} Nbd7 {(
06:23)} 20. Nxc4 {(00:06)} Qc7 {(02:17)} 21. Qb1 {(17:17)}
Qd8 {(32:44)} 22. a4 {(13:23)} Rc8 {(05:15)} 23. Ne3 {
(00:17)} Qb6 {(01:44)} 24. a5 {(00:18)} Qb7 {(01:
25)} 25. Rc1 {(06:34)} Rb8 {(00:39)} 26. Rc4 {(00:20)} h5
{(04:04)} 27. h4 {(02:39)} g4 {(00:26)} 28. Rd1 {(
00:55)} Nf8 {(02:54)} 29. Qc2 {(01:14)} Ng6 {(00:33)} 30.
Rc7 {(00:34)} Qxb4 {(00:48)} 31. Rc8+ {(00:14)} Rxc8 {
(00:37)} 32. Qxc8+ {(00:02)} Bd8 {(00:01)} 33. Qc6+ {
(04:09)} Nd7 {(00:08)} 34. Nf5 {(00:52)} Be7 {(02:
40)} 35. Bxa6 {(00:39)} Qc5 {(01:14)} 36. Rc1 {(01:00)}
Qxa5 {(00:40)} 37. Nxd6+ {(00:37)} Bxd6 {(00:24)} 38. Qxd6
{(00:04)} Ne7 {(00:17)} 39. Bxe5 {(00:17)} Rg8 {(
00:35)} 40. Bd3 {(00:00)} Qd2 {(00:00)} 41. Bf4 {(03:47)}
Qa5 {(22:19)} 42. Bg5 {(03:43)} f6 {(02:35)} 43. Bxf6 {
(00:34)} Nxf6 {(00:10)} 44. Qxf6 {(00:05)} Qxd5 {(
02:02)} 45. Bc4 {(02:51)} Qd2 {(00:24)} 46. Bb5+ {(00:21)}
Kd8 {(00:09)} 47. Qb6# {(00:05)} 1-0

[Event "42nd Olympiad Baku 2016 Women"]
[Site "Baku"]
[Date "2016.09.05"]
[Round "4.18"]
[White "Guerrero Rodriguez, Alejandra"]
[Black "Jorquera Cabello, Valentina"]
[Result "1-0"]
[ECO "B30"]
[WhiteElo "2043"]
[BlackElo "2019"]
[Annotator ""]
[PlyCount "105"]
[EventDate "2016.??.??"]
[EventCountry "AZE"]
[SourceTitle "playchess.com"]
[Source "ChessBase"]
[WhiteTeam "Mexico"]
[BlackTeam "Chile"]
[WhiteTeamCountry "MEX"]
[BlackTeamCountry "CHI"]
[TimeControl "40/5400+30:1800+30"]

1. e4 {(00:00)} c5 {(00:00)} 2. Nf3 {(00:00)} Nc6 {
(00:00)} 3. Bb5 {(00:00)} d6 {(08:45)} 4. d4 {(00:
03)} cxd4 {(00:11)} 5. Qxd4 {(00:37)} Bd7 {(01:35)} 6. Qd3
{(00:27)} g6 {(01:29)} 7. c4 {(01:04)} Bg7 {(00:20]
} 8. Nc3 {(01:26)} Nf6 {(00:48)} 9. h3 {(02:03)} O-O {
(00:39)} 10. O-O {(01:34)} a6 {(02:32)} 11. Bxc6 {(
01:50)} Bxc6 {(00:07)} 12. Rb1 {(03:12)} b5 {(02:48)} 13.
cxb5 {(07:03)} axb5 {(00:30)} 14. Nd4 {(02:47)} Qd7 {
(00:08)} 15. Nxc6 {(05:19)} Qxc6 {(00:04)} 16. a3 {
(00:34)} Rfb8 {(10:41)} 17. Bd2 {(08:07)} b4 {(09:
18)} 18. Nd5 {(15:44)} Nxd5 {(02:28)} 19. exd5 {(00:16)}
Qb5 {(01:45)} 20. Qe4 {(00:29)} b3 {(04:42)} 21. Rfc1 {
(02:42)} Rc8 {(00:47)} 22. Rc6 {(09:49)} Rxc6 {(07:
38)} 23. dxc6 {(00:17)} Rc8 {(07:38)} 24. c7 {(11:20)} e6
{(13:52)} 25. Bb4 {(05:44)} d5 {(03:41)} 26. Qh4 {(
00:41)} f6 {(01:31)} 27. Qg3 {(05:53)} Qc6 {(07:19)} 28.
Ba5 {(05:32)} Bh6 {(10:13)} 29. Qxb3 {(03:31)} Bf4 {
(00:18)} 30. Qf3 {(02:31)} Bxc7 {(02:16)} 31. Bxc7 {
(00:06)} Rxc7 {(00:08)} 32. Qxf6 {(00:07)} Rf7 {(
00:17)} 33. Qe5 {(01:27)} Qb6 {(01:09)} 34. Qe3 {(00:42)}
d4 {(00:20)} 35. Qg3 {(01:18)} Qc5 {(00:54)} 36. Re1 {
(00:20)} d3 {(00:28)} 37. Rd1 {(00:25)} Qc2 {(00:
09)} 38. Rxd3 {(00:39)} Qxb2 {(00:22)} 39. Re3 {(00:35)}
Qa1+ {(00:32)} 40. Kh2 {(00:00)} Qb2 {(00:00)} 41. Rf3 {
(03:02)} Rf5 {(08:34)} 42. a4 {(04:40)} Qa2 {(01:
18)} 43. Qb8+ {(04:05)} Kg7 {(00:08)} 44. Qc7+ {(00:26)}
Kh6 {(00:40)} 45. Qc1+ {(05:27)} Kg7 {(00:09)} 46. Qc3+ {
(00:08)} Kh6 {(01:35)} 47. Qe3+ {(00:57)} Kg7 {(01:
10)} 48. Qd4+ {(01:24)} Kh6 {(01:08)} 49. Rxf5 {(01:46)}
gxf5 {(04:05)} 50. Qf6+ {(02:15)} Kh5 {(00:12)} 51. h4 {
(02:02)} h6 {(00:18)} 52. Kh3 {(01:06)} Qb3+ {(01:
28)} 53. f3 1-0

[Event "42nd Olympiad Baku 2016 Women"]
[Site "Baku"]
[Date "2016.09.05"]
[Round "4.2"]
[White "Gunina, Valentina"]
[Black "Lazarne Vajda, Szidonia"]
[Result "1/2-1/2"]
[ECO "D20"]
[WhiteElo "2520"]
[BlackElo "2372"]
[Annotator ""]
[PlyCount "71"]
[EventDate "2016.??.??"]
[EventCountry "AZE"]
[SourceTitle "playchess.com"]
[Source "ChessBase"]
[WhiteTeam "Russia"]
[BlackTeam "Hungary"]
[WhiteTeamCountry "RUS"]
[BlackTeamCountry "HUN"]
[TimeControl "40/5400+30:1800+30"]

1. d4 {(00:00)} d5 {(00:02)} 2. c4 {(00:00)} dxc4 {
(00:23)} 3. e3 {(00:25)} e5 {(00:43)} 4. Bxc4 {(00:
11)} exd4 {(00:25)} 5. exd4 {(00:10)} Bd6 {(00:23)} 6. Nf3
{(00:57)} Nf6 {(00:10)} 7. O-O {(00:57)} O-O {(00:
22)} 8. Nc3 {(01:20)} Nc6 {(02:31)} 9. h3 {(00:56)} h6 {
(00:32)} 10. Qc2 {(01:18)} Nb4 {(00:58)} 11. Qb1 {(
00:35)} Be6 {(00:39)} 12. Bxe6 {(01:00)} fxe6 {(00:06)}
13. Ne4 {(04:00)} Qe8 {(08:51)} 14. Re1 {(10:41)} Qf7 {
(12:08)} 15. Bd2 {(09:09)} Nbd5 {(01:56)} 16. Qd3 {
(01:13)} Rae8 {(09:02)} 17. Qb3 {(15:31)} Nxe4 {(
09:29)} 18. Rxe4 {(00:17)} c5 {(06:24)} 19. Rae1 {(02:44)}
cxd4 {(02:56)} 20. Rxd4 {(00:37)} b6 {(05:12)} 21. Rde4 {
(03:44)} Re7 {(02:30)} 22. R1e2 {(03:21)} Bc5 {(04:
53)} 23. Rg4 {(00:45)} Qh5 {(01:50)} 24. Qc4 {(09:04)}
Rxf3 {(07:09)} 25. gxf3 {(00:28)} Qxh3 {(00:29)} 26. Rxe6
{(22:28)} Qxf3 {(03:06)} 27. Rxe7 {(00:51)} Qxf2+ {
(00:17)} 28. Kh1 {(00:01)} Qf3+ {(00:09)} 29. Kh2 {
(01:07)} Bxe7 {(04:13)} 30. Rf4 {(02:41)} Bd6 {(03:
21)} 31. Qc8+ {(00:26)} Kh7 {(00:04)} 32. Qf5+ {(00:10)}
Kh8 {(00:15)} 33. Qf8+ {(02:23)} Kh7 {(03:54)} 34. Qf5+ {
(06:28)} Kh8 {(00:07)} 35. Qf8+ {(00:18)} Kh7 {(00:
10)} 36. Qf5+ {(01:06)} 1/2-1/2

[Event "42nd Olympiad Baku 2016 Women"]
[Site "Baku"]
[Date "2016.09.05"]
[Round "4.11"]
[White "Guo, Emma"]
[Black "Kulon, Klaudia"]
[Result "0-1"]
[ECO "A48"]
[WhiteElo "2035"]
[BlackElo "2346"]
[Annotator ""]
[PlyCount "90"]
[EventDate "2016.??.??"]
[EventCountry "AZE"]
[SourceTitle "playchess.com"]
[Source "ChessBase"]
[WhiteTeam "Australia"]
[BlackTeam "Poland"]
[WhiteTeamCountry "AUS"]
[BlackTeamCountry "POL"]
[TimeControl "40/5400+30:1800+30"]

1. d4 {(00:00)} Nf6 {(00:00)} 2. Nf3 {(00:00)} g6 {
(00:00)} 3. Bg5 {(00:04)} Bg7 {(00:00)} 4. c3 {(00:
20)} O-O {(04:38)} 5. Nbd2 {(01:17)} d6 {(00:21)} 6. e3 {
(00:24)} Nbd7 {(00:26)} 7. Be2 {(01:17)} b6 {(01:
30)} 8. O-O {(02:21)} Bb7 {(00:04)} 9. h3 {(05:46)} e5 {
(02:39)} 10. a4 {(04:18)} h6 {(04:13)} 11. Bh4 {(
02:08)} a5 {(01:55)} 12. b4 {(06:55)} Qe7 {(09:17)} 13.
Qb3 {(07:47)} Rfb8 {(06:51)} 14. Rfb1 {(04:59)} c5 {
(09:45)} 15. Bb5 {(25:59)} e4 {(03:34)} 16. bxc5 {(
09:55)} bxc5 {(12:56)} 17. Ne1 {(00:44)} g5 {(00:22)} 18.
Bg3 {(00:05)} Bd5 {(00:21)} 19. Qd1 {(03:42)} Ne8 {
(01:38)} 20. Nb3 {(11:27)} c4 {(12:49)} 21. Nd2 {(
00:40)} Rc8 {(00:06)} 22. Qe2 {(01:05)} Qe6 {(01:57)} 23.
Nc2 {(00:24)} Nef6 {(04:30)} 24. Na3 {(00:26)} Nb6 {
(00:04)} 25. Rb2 {(00:48)} Nfd7 {(00:34)} 26. Rab1 {
(01:00)} f5 {(00:30)} 27. Bh2 {(05:29)} Nf6 {(07:
06)} 28. Re1 {(00:05)} Rc7 {(00:23)} 29. f3 {(01:21)} exf3
{(01:50)} 30. gxf3 {(00:10)} Re7 {(00:39)} 31. Naxc4 {
(00:52)} Nxc4 {(00:34)} 32. Bxc4 {(00:36)} Rc8 {(
00:35)} 33. Bd3 {(02:19)} Rxc3 {(00:21)} 34. e4 {(00:18)}
fxe4 {(00:05)} 35. fxe4 {(00:57)} Qxh3 {(01:08)} 36. Rb8+
{(00:17)} Kf7 {(00:39)} 37. Bb1 {(01:33)} Bc6 {(04:
27)} 38. Bxd6 {(00:13)} Rg3+ {(00:09)} 39. Bxg3 {(00:08)}
Qxg3+ {(00:03)} 40. Kf1 {(00:00)} Qxb8 {(00:00)} 41. Qc4+
{(03:18)} Bd5 {(06:32)} 42. Qd3 {(01:54)} Qf4+ {(
00:13)} 43. Kg1 {(00:33)} Kg8 {(01:24)} 44. Re2 {(03:40)}
Qg4+ {(01:16)} 45. Kf1 {(01:26)} Nh5 {(00:22)} 0-1

[Event "42nd Olympiad Baku 2016 Women"]
[Site "Baku"]
[Date "2016.09.05"]
[Round "4.4"]
[White "Guo, Qi"]
[Black "Otikova, Elina"]
[Result "1-0"]
[ECO "D31"]
[WhiteElo "2417"]
[BlackElo "2051"]
[Annotator ""]
[PlyCount "131"]
[EventDate "2016.??.??"]
[EventCountry "AZE"]
[SourceTitle "playchess.com"]
[Source "ChessBase"]
[WhiteTeam "China"]
[BlackTeam "Latvia"]
[WhiteTeamCountry "CHN"]
[BlackTeamCountry "LAT"]
[TimeControl "40/5400+30:1800+30"]

1. d4 {(00:00)} d5 {(00:00)} 2. c4 {(00:00)} e6 {(
00:00)} 3. Nc3 {(00:00)} Bb4 {(00:00)} 4. cxd5 {(03:07)}
exd5 {(00:19)} 5. Bf4 {(01:32)} Nf6 {(01:53)} 6. Nf3 {
(01:35)} O-O {(01:01)} 7. Rc1 {(01:30)} Bf5 {(13:
04)} 8. Qb3 {(03:31)} Nc6 {(00:13)} 9. e3 {(01:08)} Ne4 {
(03:52)} 10. h3 {(07:02)} b6 {(06:57)} 11. Be2 {(
02:47)} g5 {(11:30)} 12. Bh2 {(00:29)} Bxc3+ {(01:31)} 13.
bxc3 {(00:06)} Na5 {(00:14)} 14. Qd1 {(03:44)} c5 {
(02:17)} 15. dxc5 {(00:54)} bxc5 {(01:25)} 16. O-O {
(00:11)} Nc6 {(01:04)} 17. Nd2 {(11:50)} Qe7 {(07:
23)} 18. Nxe4 {(06:40)} Bxe4 {(00:06)} 19. Qa4 {(02:33)}
Ne5 {(04:50)} 20. Rfd1 {(01:53)} Rfd8 {(03:15)} 21. Qa5 {
(07:06)} Ng6 {(02:44)} 22. Bf1 {(03:36)} Nh4 {(04:
12)} 23. Qc7 {(03:14)} Qf6 {(04:34)} 24. f3 {(08:46)} Rac8
{(05:32)} 25. Qg3 {(00:04)} Bg6 {(00:45)} 26. Qe5 {
(02:57)} Qxe5 {(05:02)} 27. Bxe5 {(00:05)} Nf5 {(
00:20)} 28. Kf2 {(04:50)} Re8 {(04:35)} 29. Rxd5 {(01:06)}
f6 {(00:38)} 30. Bxf6 {(00:38)} Nxe3 {(00:06)} 31. Rd7 {
(00:26)} Rb8 {(02:29)} 32. Rxa7 {(04:30)} Rb2+ {(
00:15)} 33. Kg3 {(00:02)} Nxf1+ {(01:48)} 34. Rxf1 {(00:
03)} Ree2 {(01:54)} 35. Rg1 {(01:40)} Rxa2 {(01:17)} 36.
Rxa2 {(00:04)} Rxa2 {(00:04)} 37. Bxg5 {(00:03)} Rc2 {
(00:06)} 38. Bf6 {(03:15)} Kf7 {(00:06)} 39. Bh8 {(
00:07)} Bd3 {(02:26)} 40. Kf4 {(00:00)} Re2 {(00:00)} 41.
g4 {(02:30)} Rh2 {(01:58)} 42. Kg3 {(00:40)} Re2 {(
00:07)} 43. Rd1 {(00:11)} c4 {(00:41)} 44. Ra1 {(00:09)}
Rb2 {(01:46)} 45. Ra7+ {(00:07)} Kg8 {(02:41)} 46. Bd4 {
(00:13)} Bf1 {(01:51)} 47. Rg7+ {(00:16)} Kf8 {(00:
10)} 48. Rxh7 {(00:04)} Rg2+ {(00:40)} 49. Kf4 {(00:03)}
Rh2 {(00:31)} 50. h4 {(00:12)} Rh3 {(00:16)} 51. Bf2 {
(01:28)} Rh2 {(02:09)} 52. Ke3 {(00:09)} Rh3 {(00:
29)} 53. Rh5 {(00:27)} Bd3 {(01:44)} 54. Rd5 {(02:25)} Rh1
{(02:59)} 55. Bg3 {(00:35)} Rc1 {(00:35)} 56. Be5 {
(01:00)} Re1+ {(00:43)} 57. Kf4 {(00:02)} Rf1 {(00:
23)} 58. Bd4 {(00:14)} Kg8 {(01:27)} 59. Re5 {(00:08)} Rh1
{(02:02)} 60. Kg5 {(00:15)} Rh2 {(00:55)} 61. h5 {(
00:13)} Re2 {(02:19)} 62. Be3 {(01:56)} Rc2 {(00:39)} 63.
Bd4 {(00:39)} Re2 {(00:14)} 64. Rc5 {(00:02)} Re7 {
(02:00)} 65. f4 {(00:07)} Re2 {(00:20)} 66. Kf6 {(
00:11)} 1-0

[Event "42nd Olympiad Baku 2016 Women"]
[Site "Baku"]
[Date "2016.09.05"]
[Round "4.12"]
[White "Gutmakher, Olga"]
[Black "Soumya, Swaminathan"]
[Result "1/2-1/2"]
[ECO "B67"]
[WhiteElo "2216"]
[BlackElo "2379"]
[Annotator ""]
[PlyCount "91"]
[EventDate "2016.??.??"]
[EventCountry "AZE"]
[SourceTitle "playchess.com"]
[Source "ChessBase"]
[WhiteTeam "Israel"]
[BlackTeam "India"]
[WhiteTeamCountry "ISR"]
[BlackTeamCountry "IND"]
[TimeControl "40/5400+30:1800+30"]

1. e4 {(00:00)} c5 {(00:00)} 2. Nf3 {(00:00)} Nc6 {
(00:00)} 3. d4 {(00:34)} cxd4 {(00:01)} 4. Nxd4 {(
00:09)} Nf6 {(00:04)} 5. Nc3 {(00:20)} d6 {(00:08)} 6. Bg5
{(01:04)} e6 {(00:54)} 7. Qd2 {(00:37)} a6 {(00:23]
} 8. O-O-O {(00:20)} Bd7 {(00:16)} 9. f4 {(02:19)} b5 {
(00:15)} 10. Bxf6 {(01:01)} gxf6 {(00:03)} 11. Kb1 {
(00:16)} Qb6 {(00:07)} 12. Nxc6 {(02:28)} Bxc6 {(
05:54)} 13. f5 {(00:27)} b4 {(03:06)} 14. Ne2 {(00:09)} e5
{(00:07)} 15. Ng3 {(00:22)} Qc5 {(00:12)} 16. Bd3 {
(04:07)} Rg8 {(22:17)} 17. Nh5 {(19:24)} Ke7 {(05:
07)} 18. h3 {(02:30)} a5 {(03:00)} 19. g4 {(02:52)} a4 {
(04:03)} 20. Rhe1 {(06:56)} Rd8 {(06:34)} 21. Bf1 {
(10:28)} a3 {(05:51)} 22. Qe3 {(08:15)} Qxe3 {(04:
13)} 23. Rxe3 {(01:35)} Bh6 {(00:04)} 24. Rb3 {(02:12)}
axb2 {(05:22)} 25. Rxb4 {(06:21)} Be3 {(02:57)} 26. Bd3 {
(04:57)} Bc5 {(07:32)} 27. Rxb2 {(02:50)} Rb8 {(05:
43)} 28. Rb3 {(04:39)} Ba4 {(04:09)} 29. Bc4 {(05:51)}
Bxb3 {(00:17)} 30. cxb3 {(01:03)} Rgc8 {(00:25)} 31. Kc2 {
(02:10)} Ra8 {(09:44)} 32. a4 {(00:33)} Bf2 {(00:
09)} 33. Kd3 {(05:08)} Rc7 {(00:48)} 34. Rf1 {(02:15)} Bh4
{(02:14)} 35. Ra1 {(00:24)} Rca7 {(00:51)} 36. Ra2 {
(01:15)} Ra5 {(00:22)} 37. Rc2 {(00:51)} Rc8 {(01:
23)} 38. Bb5 {(01:11)} Rxc2 {(00:27)} 39. Kxc2 {(00:06)}
Be1 {(01:24)} 40. Kd3 {(00:00)} Ra8 {(00:00)} 41. Ke2 {
(04:20)} Bh4 {(10:08)} 42. Bc4 {(01:47)} Ra7 {(06:
20)} 43. Kd3 {(01:03)} Be1 {(02:54)} 44. Ke2 {(02:14)} Bh4
{(02:24)} 45. Kd3 {(00:48)} Be1 {(00:25)} 46. Ke2 {
(01:46)} 1/2-1/2

[Event "42nd Olympiad Baku 2016 Women"]
[Site "Baku"]
[Date "2016.09.05"]
[Round "4.22"]
[White "Hagesather, Ellen"]
[Black "Maslikova, Veronika"]
[Result "1/2-1/2"]
[ECO "A13"]
[WhiteElo "2139"]
[BlackElo "2247"]
[Annotator ""]
[PlyCount "82"]
[EventDate "2016.??.??"]
[EventCountry "AZE"]
[SourceTitle "playchess.com"]
[Source "ChessBase"]
[WhiteTeam "Norway"]
[BlackTeam "Slovakia"]
[WhiteTeamCountry "NOR"]
[BlackTeamCountry "SVK"]
[TimeControl "40/5400+30:1800+30"]

1. c4 Nf6 {(00:00)} 2. g3 {(00:00)} e6 {(00:00)} 3. Bg2 {
(00:43)} d5 {(00:28)} 4. Nf3 {(00:51)} dxc4 {(02:
57)} 5. Qa4+ {(03:46)} c6 {(03:41)} 6. Qxc4 {(00:26)} b5 {
(01:19)} 7. Qc2 {(01:21)} Bb7 {(00:40)} 8. O-O {(
03:52)} Nbd7 {(07:54)} 9. b3 {(07:54)} Rc8 {(10:10)} 10.
a4 {(07:42)} a6 {(07:07)} 11. Bb2 {(01:54)} Be7 {(
02:38)} 12. Nc3 {(04:05)} Qb6 {(09:55)} 13. d3 {(13:19)}
O-O {(01:46)} 14. Nd2 {(01:28)} h6 {(10:03)} 15. e3 {
(04:49)} Rfd8 {(04:54)} 16. Qb1 {(04:56)} Bb4 {(07:
56)} 17. Ra2 {(05:27)} Nd5 {(09:29)} 18. Nxd5 {(02:51)}
cxd5 {(00:04)} 19. Nf3 {(01:09)} Bc3 {(00:18)} 20. axb5 {
(06:29)} Qxb5 {(02:02)} 21. Nd4 {(01:20)} Qb6 {(00:
30)} 22. Rc1 {(07:47)} Bxb2 {(00:11)} 23. Rxb2 {(00:34)}
Rxc1+ {(02:13)} 24. Qxc1 {(00:06)} Rc8 {(00:05)} 25. Rc2 {
(02:27)} Rxc2 {(00:04)} 26. Qxc2 {(00:04)} Qc5 {(
03:02)} 27. Bf1 {(04:20)} a5 {(00:39)} 28. Qa2 {(01:49)}
e5 {(01:38)} 29. Qa4 {(01:58)} Qc7 {(02:38)} 30. Nf5 {
(01:34)} Kh7 {(02:07)} 31. b4 {(01:34)} g6 {(01:46]
} 32. Nh4 {(00:12)} axb4 {(01:49)} 33. Qxb4 {(00:07)} Nf6
{(00:58)} 34. d4 {(01:28)} e4 {(01:26)} 35. Qf8 {(
01:19)} Nh5 {(02:34)} 36. Ng2 {(03:17)} g5 {(00:34)} 37.
h4 {(00:39)} Ng7 {(00:19)} 38. Bb5 {(02:01)} Ne6 {(
00:39)} 39. Qe8 {(00:45)} Ng7 {(00:42)} 40. Qf8 {(00:00)}
Ne6 {(00:00)} 41. Qe8 {(01:32)} Ng7 {(05:25)} 1/2-1/2

[Event "42nd Olympiad Baku 2016 Women"]
[Site "Baku"]
[Date "2016.09.05"]
[Round "4.32"]
[White "Hallaeva, Bahar"]
[Black "Kabamba Mulwale Bwalya"]
[Result "1-0"]
[ECO "C02"]
[WhiteElo "2103"]
[BlackElo "1683"]
[Annotator ""]
[PlyCount "68"]
[EventDate "2016.??.??"]
[EventCountry "AZE"]
[SourceTitle "playchess.com"]
[Source "ChessBase"]
[WhiteTeam "Turkmenistan"]
[BlackTeam "Zambia"]
[WhiteTeamCountry "TKM"]
[BlackTeamCountry "ZAM"]
[TimeControl "40/5400+30:1800+30"]

1. e4 {(00:00)} e6 {(00:00)} 2. d4 {(00:00)} d5 {(
00:00)} 3. e5 {(00:00)} c5 {(00:00)} 4. c3 {(00:00)} Qb6 {
(00:13)} 5. Nf3 {(00:08)} Nc6 {(00:13)} 6. a3 {(00:
08)} c4 {(01:10)} 7. g3 {(00:04)} Nge7 {(01:29)} 8. h4 {
(01:29)} h6 {(04:05)} 9. Bh3 {(00:37)} Bd7 {(00:37]
} 10. Nbd2 {(03:39)} Na5 {(00:49)} 11. Rb1 {(01:03)} Nb3 {
(14:46)} 12. Nxb3 {(05:05)} Ba4 {(05:44)} 13. Nfd2 {
(01:14)} Bxb3 {(03:42)} 14. Nxb3 {(03:49)} cxb3 {(
01:22)} 15. Bf1 {(02:50)} Rc8 {(01:33)} 16. Bd3 {(03:04)}
Nc6 {(03:44)} 17. O-O {(02:52)} Na5 {(03:47)} 18. Kg2 {
(10:28)} Nc4 {(01:52)} 19. h5 {(04:59)} a6 {(03:18]
} 20. Kh2 {(04:45)} Rc7 {(00:58)} 21. f4 {(03:22)} Qb5 {
(25:35)} 22. f5 {(05:16)} Ke7 {(04:01)} 23. fxe6 {(
11:45)} fxe6 {(04:15)} 24. Qg4 {(01:30)} Qc6 {(06:55)} 25.
Bg6 {(06:20)} Kd8 {(03:43)} 26. Bf7 {(03:46)} Re7 {
(01:22)} 27. Qg6 {(02:31)} Qd7 {(01:33)} 28. g4 {(
11:19)} Kc7 {(01:52)} 29. Rf2 {(02:51)} a5 {(00:21)} 30.
g5 {(04:48)} Qc6 {(03:06)} 31. gxh6 {(02:43)} gxh6 {
(00:13)} 32. Qf6 {(00:38)} Rxf7 {(03:06)} 33. Qxf7+ {
(00:07)} Qd7 {(00:08)} 34. Rf6 {(02:49)} Qxf7 1-0